Map: [TLMC15] Yamatai

Players

A.I. 2 (Elite)

  • Race: Terran Terran

Zorohm - Winner!

  • Race: Zerg Zerg
  • League: Diamond

VOD

Have the link to the VOD?

Description

Time

  • Played on: Jan. 17, 2022, 3:30 p.m.
  • Length: 6:14
Show
View Real Time Build Order
Export as new Build Order

A.I. 2 (Elite) Terran 

Build Orders: 2 Factory 

Get SALT Encoding   

  12  0:00  SCV  
  13  0:13  SCV  
  14  0:18  Supply Depot  
  14  0:25  SCV  
  15  0:40  SCV  
  16  0:44  Barracks  
  16  0:52  SCV  
  17  1:04  SCV  
  18  1:16  SCV  
  19  1:19  Command Center  
  19  1:32  Marine  
  19  1:34  Orbital Command  
  20  1:41  Refinery  
  20  1:50  Marine  
  20  1:51  Supply Depot  
  21  1:59  SCV  
  22  2:02  Refinery  
  22  2:08  Marine  
  22  2:13  SCV  
  24  2:25  SCV  
  24  2:26  Marine  
  26  2:31  SCV  
  27  2:40  Factory  
  27  2:43  Orbital Command  
  27  2:44  SCV, Marine  
  29  2:56  Factory  
  29  3:00  SCV  
  29  3:02  Marine  
  31  3:09  SCV  
  31  3:12  SCV  
  33  3:18  Supply Depot  
  33  3:19  Marine  
  33  3:21  SCV  
  33  3:24  SCV  
  33  3:25  Factory Tech Lab  
  36  3:33  SCV  
  37  3:36  SCV  
  37  3:40  Factory Tech Lab  
  38  3:43  Siege Tank  
  38  3:45  SCV  
  38  3:48  SCV  
  43  3:50  Supply Depot  
  43  3:57  SCV  
  43  3:58  Siege Tank  
  43  4:00  SCV  
  48  4:09  SCV, Marine  
  50  4:10  Supply Depot  
  50  4:12  SCV  
  50  4:15  Siege Tank  
  54  4:17  Supply Depot  
  54  4:21  SCV  
  55  4:24  SCV  
  56  4:32  Supply Depot  
  56  4:33  SCV  
  56  4:35  Marine  
  56  4:36  SCV  
  59  4:39  Siege Tank  
  62  4:45  SCV  
  62  4:48  SCV  
  62  4:50  Supply Depot  
  64  4:52  Marine  
  64  4:58  SCV  
  66  5:00  Barracks, SCV  
  66  5:03  Armory  
  66  5:04  Refinery  
  66  5:06  Refinery  
  67  5:10  SCV  
  67  5:12  Barracks Tech Lab  
  67  5:13  SCV  
  69  5:18  Hellion  
  69  5:19  Hellion, Engineering Bay  
  72  5:25  SCV  
  72  5:26  SCV  
  56  5:29  Marine  
  50  5:37  SCV  
  49  5:46  Marine  
  49  5:48  Marauder  
  49  5:49  SCV  
  43  6:00  Missile Turret  
Show
View Real Time Build Order
Export as new Build Order

Zorohm Zerg - Winner!

Build Orders: Hatch First 

Get SALT Encoding   

  12  0:00  Drone  
  13  0:13  Overlord  
  13  0:18  Drone  
  14  0:31  Drone x2  
  16  0:49  Hatchery  
  15  0:52  Drone  
  15  0:56  Drone  
  17  1:00  Drone  
  18  1:10  Extractor  
  17  1:15  Spawning Pool  
  17  1:17  Drone  
  17  1:21  Drone  
  18  1:28  Drone  
  19  1:39  Overlord  
  19  1:50  Drone  
  20  2:01  Queen x2  
  20  2:02  Zergling x4  
  26  2:13  Metabolic Boost  
  27  2:15  Drone x2  
  27  2:22  Drone x2  
  30  2:37  Queen x2  
  34  2:44  Overlord  
  34  2:45  Overlord  
  34  3:01  Hatchery  
  34  3:04  Drone x2  
  34  3:05  Drone  
  36  3:09  Drone  
  36  3:10  Drone  
  36  3:12  Drone  
  39  3:15  Drone  
  39  3:17  Drone  
  41  3:22  Drone x2  
  41  3:25  Drone  
  44  3:28  Extractor  
  44  3:32  Roach Warren  
  42  3:47  Overlord  
  42  3:48  Overlord x2  
  42  4:17  Overlord  
  42  4:19  Roach x10  
  42  4:21  Roach  
  66  4:24  Roach  
  66  4:33  Zergling x8  
  70  4:38  Zergling x2  
  70  4:39  Zergling x2  
  72  4:45  Zergling x2  
  72  4:46  Zergling x4  
  72  4:49  Zergling x6  
  72  4:50  Zergling x2  
  72  4:52  Zergling x2  
  80  4:59  Ravager x2  
  82  5:01  Ravager  
  82  5:04  Zergling x8  
  82  5:05  Zergling x2  
  88  5:08  Overlord  
  78  5:26  Zergling x2  
  78  5:27  Zergling x16  
  75  5:47  Zergling x2  
  75  5:48  Zergling x18  
  84  5:57  Zergling x2  
Tags
 
Add a new tag
Caveats
  • Supply blocks, unpowered buildings, or Contaminate may cause inaccurate times.
  • Supply counts are checked every 10 seconds.